 Dungeon Crawl Stone Soup version 0.30.1 (webtiles) character file.

Game seed: 9949140872751115929

135 Graphine the Digger (level 5, 0/30 HPs)
             Began as a Gargoyle Earth Elementalist on July 8, 2023.
             Slain by an orc priest
             ... wielding a +0 mace
              (6 damage)
             ... on level 2 of the Dungeon.
             The game lasted 00:04:56 (1490 turns).

Graphine the Digger (Gargoyle Earth Elementalist)   Turns: 1490, Time: 00:04:57

Health: 0/30       AC: 10    Str: 11    XL:     5   Next: 18%
Magic:  0/8        EV: 10    Int: 18    God:
Gold:   71         SH:  0    Dex: 10    Spells: 8/9 levels left

rFire   . . .        b - +0 dagger
rCold   + . .        (no shield)
rNeg    + . .        d - +1 ring mail
rPois   ∞            (no helmet)
rElec   +            (no cloak)
rCorr   .            (no gloves)
SInv    .            (no boots)
Will    .....        (no amulet)
Stlth   +            e - ring of protection from cold
HPRegen 0.25/turn    (no ring)
MPRegen 0.11/turn

%: no passive effects
@: no status effects
A: sickness immunity, AC +4, negative energy resistance 1, electricity
resistance, torment resistance 1, petrification resistance
a: no special abilities


You were on level 2 of the Dungeon.
You visited 1 branch of the dungeon, and saw 2 of its levels.

You collected 71 gold pieces.

Inventory:

Hand Weapons
 b - a +0 dagger (weapon)
Armour
 d - a +1 ring mail (worn)
Jewellery
 e - a ring of protection from cold (left hand)
Scrolls
 a - 3 scrolls of identify {unknown}
 c - 2 scrolls of teleportation
Potions
 f - 2 potions of curing {unknown}
 h - a potion of degeneration {unknown}


   Skills:
 + Level 1.8 Fighting
 + Level 1.4 Armour
 + Level 2.3 Dodging
 - Level 2.1 Stealth
 + Level 2.6 Spellcasting
 - Level 0.7 Transmutations
 * Level 5.0 Earth Magic


You had 8 spell levels left.
You knew the following spells:

 Your Spells              Type           Power      Damage    Failure   Level
a - Sandblast             Erth           40%        2d10      4%          1

Your spell library contained the following spells:

 Spells                   Type           Power      Damage    Failure   Level
 Passwall                 Tmut/Erth      10%        N/A       19%         2
 Stone Arrow              Conj/Erth      22%        3d8       38%         3
 Petrify                  Tmut/Erth      12%        N/A       77%         4


Dungeon Overview and Level Annotations

Branches:
Dungeon (2/15)

Altars:
Dithmenos

Shops:
D:2 ?


Innate Abilities, Weirdness & Mutations

You are immune to sickness and miasma.
Your stone body is resilient. (AC +4)
You are immune to poison.
You resist negative energy. (rN+)
You are resistant to electric shocks. (rElec)
You are resistant to unholy torment.
You are immune to petrification.


Message History

The orc priest is almost dead.
The orc priest mumbles some strange prayers to Beogh against you.
Pain shoots through your body!
* * * LOW HITPOINT WARNING * * *
You hit the orc priest.
The orc priest is almost dead.
The orc priest hits you with a +0 mace.
* * * LOW HITPOINT WARNING * * *
You hit the orc priest but do no damage.
The orc priest is almost dead.
A dart slug comes into view.
The orc priest hits you but does no damage.
You hit the orc priest but do no damage.
The orc priest is almost dead.
The orc priest barely misses you.
You barely miss the orc priest.
The orc priest is almost dead.
The orc priest looks encouraged for a moment.
Casting: Sandblast (safe; 4% risk of failure)
Confirm with . or Enter, or press ? or * to list all spells.
Aiming: Sandblast (safe; 4% risk of failure)
Press: ? - help, Shift-Dir - straight line, f/p - orc priest
Aim: an orc priest, wielding a +0 mace and wearing a +0 chain mail (almost dead, 87% to hit)
The blast of sand hits the orc priest but does no damage.
The orc priest is almost dead.
The orc priest looks braver for a moment.
You barely miss the orc priest.
The orc priest is almost dead.
The orc priest completely misses you.
You closely miss the orc priest.
The orc priest is almost dead.
The orc priest hits you but does no damage.
You hit the orc priest but do no damage.
The orc priest is almost dead.
The orc priest looks encouraged for a moment.
You hit the orc priest but do no damage.
You punch the orc priest, but do no damage.
The orc priest is almost dead.
The orc priest hits you with a +0 mace.
You die...

#..# #..# #..#
#..### ####....#
#..†....#
#.......####
#........@o# #
#..........)w....
#
##.#.#####.#.###.
# ...#.# .# #
######### #.# .#
#....# #.# #.#
#....# #.# #.#
#....# #.# ###.#
#....# #.#
#...###


You could see an orc priest and a dart slug.

Vanquished Creatures
  2 orc wizards (D:2)
  3 dart slugs
  11 orcs (D:2)
  3 ball pythons
  4 bats
  4 endoplasms
  5 giant cockroaches
  6 goblins
  6 hobgoblins (D:1)
  7 jackals
  2 kobolds
  2 quokkas
  5 rats
60 creatures vanquished.

Notes
Turn   | Place    | Note
-------+----------+-------------------------------------------
     0 | D:1      | Graphine the Gargoyle Earth Elementalist began the quest
                  | for the Orb.
     0 | D:1      | Reached XP level 1. HP: 10/10 MP: 3/3
    30 | D:1      | Reached XP level 2. HP: 6/16 MP: 0/5
   106 | D:1      | Reached skill level 4 in Earth Magic
   231 | D:1      | Reached skill level 1 in Fighting
   260 | D:1      | Found a faded altar of an unknown god.
   277 | D:1      | Reached XP level 3. HP: 20/20 MP: 0/6
  1013 | D:2      | Found Suragesym's Magic Scroll Shoppe.
  1141 | D:2      | Reached XP level 4. HP: 21/25 MP: 0/7
  1184 | D:2      | Reached skill level 1 in Armour
  1308 | D:2      | Found a shadowy altar of Dithmenos.
  1465 | D:2      | Reached skill level 5 in Earth Magic
  1465 | D:2      | Reached XP level 5. HP: 30/30 MP: 5/8
  1490 | D:2      | Slain by an orc priest

Illustrated notes

Levels and vault maps discovered:
D:1:      minmay_arrival_diagonal_passages, layout_rooms,
          chequers_ecumenical_altar_simple, st_stairs_6
D:2:      layout_basic, basic_altar, serial_shops, shop,
          nicolae_concentric_dashed_squares_wild, minmay_tetromino_l2

Skill      XL: |  1  2  3  4 |
---------------+-------------+-----
Earth Magic    | 4 5 |  5.0
Fighting       | 1 |  1.8
Dodging        | 2 |  2.3
Armour         | 1 |  1.4
Stealth        | |  2.1
Spellcasting   | |  2.6
Transmutations | |  0.7

Action                     |  1- 3 |  4- 6 || total
---------------------------+-------+-------++-------
  Melee: Unarmed           |    12 |       ||    12
         Dagger            |    25 |    63 ||    88
         Punch             |       |     2 ||     2
   Cast: Sandblast         |    61 |    25 ||    86
    Use: Potion            |     1 |       ||     1
         Scroll            |     4 |       ||     4
 Armour: Robe              |    12 |       ||    12
         Ring mail         |     8 |    39 ||    47
  Dodge: Dodged            |    43 |    35 ||    78
